[Event "2024 Norbert Muller Cup (Division B)"]
[Site "Woodvale, Perth WA AUS"]
[Date "2024.11.27"]
[Round "7"]
[White "Elkington, Derek"]
[Black "Stortz, Robert"]
[Result "1-0"]
[ECO "C02"]
[WhiteElo "1891"]
[BlackElo "1838"]
[PlyCount "89"]
[EventDate "2024.10.09"]
[EventType "tourn"]
[EventRounds "7"]
[EventCountry "AUS"]
[TimeControl "3600+30"]

1. e4 c6 2. d4 d5 3. f3 e6 4. e5 c5 5. c3 Nc6 6. f4 Nge7 7. Nf3 cxd4 8. cxd4
Qb6 9. Nc3 Nf5 10. Na4 Qa5+ 11. Kf2 Bd7 12. Bd2 Bb4 13. Bxb4 Qxb4 14. a3 Qa5
15. b4 Qd8 16. Nc5 b6 17. Nxd7 Qxd7 18. Ba6 O-O 19. Rc1 Nb8 20. Bd3 Nc6 21. Bb5
Rfc8 22. g4 Nfe7 23. Qd3 a6 24. Bxa6 Rc7 25. Rc3 Na7 26. Rhc1 Rxc3 27. Qxc3 Nb5
28. Bxb5 Qxb5 29. Qc7 Qe8 30. a4 Rxa4 31. Qxb6 h6 32. Rc7 Ra2+ 33. Kg3 Ng6 34.
h4 Ra8 35. f5 exf5 36. gxf5 Ne7 37. Kf4 Qd8 38. Qd6 Qxd6 39. exd6 Nc8 40. d7
Nb6 41. Rb7 Nc4 42. Ne5 Kf8 43. Nc6 Nd6 44. Ra7 Rxa7 45. d8=Q+ 1-0

[Event "2024 Norbert Muller Cup (Division B)"]
[Site "Woodvale, Perth WA AUS"]
[Date "2024.11.27"]
[Round "7"]
[White "Roebuck, Derek"]
[Black "Gough, Dylan"]
[Result "1/2-1/2"]
[ECO "B15"]
[WhiteElo "1774"]
[BlackElo "1829"]
[PlyCount "26"]
[EventDate "2024.10.09"]
[EventType "tourn"]
[EventRounds "7"]
[EventCountry "AUS"]
[TimeControl "3600+30"]

1. e4 c6 2. d4 d5 3. Nc3 dxe4 4. Nxe4 h6 5. Ng3 Nf6 6. Nf3 Bg4 7. c3 e6 8. Be2
Bd6 9. O-O Qc7 10. Ne5 Bxe2 11. Qxe2 Nbd7 12. f4 O-O 13. Nh5 Nxh5 1/2-1/2

[Event "2024 Norbert Muller Cup (Division B)"]
[Site "Woodvale, Perth WA AUS"]
[Date "2024.11.27"]
[Round "7"]
[White "Doshi, Chirag"]
[Black "Leonhardt, Wolfgang"]
[Result "1/2-1/2"]
[ECO "C36"]
[WhiteElo "1845"]
[BlackElo "1680"]
[PlyCount "35"]
[EventDate "2024.10.09"]
[EventType "tourn"]
[EventRounds "7"]
[EventCountry "AUS"]
[TimeControl "3600+30"]

1. e4 e5 2. f4 d5 3. exd5 exf4 4. Nf3 Nf6 5. Bb5+ Bd7 6. Bxd7+ Nbxd7 7. c4 Qe7+
8. Qe2 Qxe2+ 9. Kxe2 Bd6 10. d4 b6 11. Nc3 a6 12. h3 O-O-O 13. Bd2 h6 14. a3 g5
15. b4 Rhe8+ 16. Kd3 Bf8 17. Rhe1 Rxe1 18. Rxe1 1/2-1/2

[Event "2024 Norbert Muller Cup (Division C)"]
[Site "Woodvale, Perth WA AUS"]
[Date "2024.11.27"]
[Round "7"]
[White "Verma, Abhinav"]
[Black "Leech, Martin"]
[Result "1-0"]
[ECO "A65"]
[WhiteElo "1599"]
[BlackElo "1619"]
[PlyCount "83"]
[EventDate "2024.10.09"]
[EventType "tourn"]
[EventRounds "7"]
[EventCountry "AUS"]
[TimeControl "3600+30"]

1. d4 Nf6 2. c4 c5 3. d5 e6 4. Nc3 exd5 5. cxd5 d6 6. e4 g6 7. Bf4 Bg7 8. h3
O-O 9. Nf3 Re8 10. Qc2 a6 11. a4 Qe7 12. Nd2 Nbd7 13. Be2 Ne5 14. O-O Bd7 15.
Bg3 Rab8 16. f4 Neg4 17. hxg4 Nxg4 18. Bxg4 Bxg4 19. Rae1 b5 20. e5 b4 21. Nce4
Bf5 22. Qc4 dxe5 23. fxe5 Bxe5 24. Bxe5 Qxe5 25. Ng5 Qxb2 26. Nde4 Kg7 27. g4
Bxe4 28. Rxf7+ Kh6 29. Nxe4 Qd4+ 30. Qxd4 cxd4 31. g5+ Kh5 32. Rxh7+ Kg4 33.
Nf6+ Kxg5 34. Rxe8 Rb6 35. Ne4+ Kf4 36. Rf7+ Ke3 37. Nc5+ Kd2 38. Re6 Rb8 39.
Nxa6 Ra8 40. Nxb4 Rxa4 41. d6 Rxb4 42. d7 1-0

[Event "2024 Norbert Muller Cup (Division D)"]
[Site "Woodvale, Perth WA AUS"]
[Date "2024.11.27"]
[Round "7"]
[White "Walker, Colin"]
[Black "Gough, Sebastian"]
[Result "0-1"]
[ECO "B13"]
[WhiteElo "1425"]
[BlackElo "1241"]
[PlyCount "78"]
[EventDate "2024.10.09"]
[EventType "swiss"]
[EventRounds "7"]
[EventCountry "AUS"]
[TimeControl "3600+30"]

1. e4 c6 2. Nf3 d5 3. exd5 cxd5 4. d4 Nf6 5. c3 Bf5 6. Bd3 Bg6 7. Bxg6 hxg6 8.
Ne5 Nbd7 9. Qa4 e6 10. Nd2 Qc7 11. Ndf3 Bd6 12. Bg5 a6 13. Qd1 Nxe5 14. Nxe5
Bxe5 15. g3 Bd6 16. f3 Bxg3+ 17. Ke2 Qc4+ 18. Ke3 Rxh2 19. Rxh2 Bxh2 20. Qh1
Qc7 21. f4 Kf8 22. Kf3 Nh5 23. Qxh2 f6 24. Bh4 g5 25. Bg3 Qf7 26. fxg5 fxg5+
27. Ke3 Nxg3 28. Qxg3 Ke7 29. Qxg5+ Qf6 30. Qxf6+ gxf6 31. b3 Rc8 32. Rc1 Rg8
33. Rc2 Rh8 34. Kd3 Rh3+ 35. Ke2 Rh2+ 36. Kd3 Rxc2 37. Kxc2 b5 38. a3 Kd6 39.
Kd3 e5 0-1

[Event "2024 Norbert Muller Cup (Division D)"]
[Site "Woodvale, Perth WA AUS"]
[Date "2024.11.27"]
[Round "7"]
[White "Nauom, Rafik"]
[Black "Pass, Tony"]
[Result "1-0"]
[ECO "B11"]
[WhiteElo "1493"]
[BlackElo "1360"]
[PlyCount "61"]
[EventDate "2024.10.09"]
[EventType "swiss"]
[EventRounds "7"]
[EventCountry "AUS"]
[TimeControl "3600+30"]

1. e4 c6 2. Nf3 d5 3. Nc3 dxe4 4. Nxe4 Nf6 5. Ng3 Bg4 6. h3 Bxf3 7. Qxf3 e6 8.
b3 Nbd7 9. Bb2 Qc7 10. Be2 Be7 11. Nh5 Rg8 12. Nf4 O-O-O 13. Nd3 Rdf8 14. Qe3
Nb6 15. a4 Nfd5 16. Qf3 Nb4 17. Nxb4 Bxb4 18. c3 Be7 19. a5 Nd5 20. b4 Bf6 21.
b5 Qd7 22. bxc6 Qxc6 23. Ba3 Rd8 24. O-O a6 25. Rab1 Rd7 26. c4 Ne7 27. Qb3
Rxd2 28. Bf3 Qc7 29. Qxb7+ Qxb7 30. Bxb7+ Kc7 31. Bxa6 {Time expired} 1-0

[Event "2024 Norbert Muller Cup (Division D)"]
[Site "Woodvale, Perth WA AUS"]
[Date "2024.11.27"]
[Round "7"]
[White "Brooke, John"]
[Black "Hounsome, David"]
[Result "1-0"]
[ECO "C00"]
[WhiteElo "1417"]
[BlackElo "1375"]
[PlyCount "106"]
[EventDate "2024.10.09"]
[EventType "swiss"]
[EventRounds "7"]
[EventCountry "AUS"]
[TimeControl "3600+30"]

1. e4 e6 2. Nc3 b6 3. d3 Bb7 4. Bf4 Bb4 5. Nf3 d5 6. a3 Bxc3+ 7. bxc3 dxe4 8.
dxe4 Qxd1+ 9. Rxd1 c5 10. Bc7 Nc6 11. Bb5 a6 12. Bxc6+ Bxc6 13. Bxb6 Bxe4 14.
Rd2 c4 15. O-O Nf6 16. Bc5 Rc8 17. Bb4 Nd5 18. Re1 Nf6 19. Ne5 Bd5 20. f3 Nd7
21. a4 Nc5 22. a5 f6 23. Ng4 O-O 24. Ne3 Rfd8 25. Red1 Kf7 26. Nxd5 exd5 27.
Rxd5 Rxd5 28. Rxd5 Ne6 29. Rd6 Nc7 30. Rc6 Ke8 31. Rxc4 Kd7 32. Rg4 Ne6 33. c4
Ke8 34. c3 Kf7 35. Kf2 f5 36. Rh4 h6 37. Ke3 f4+ 38. Kd3 Kg6 39. g4 Kh7 40. Rh5
Ng5 41. c5 Nxf3 42. Ke4 Ng5+ 43. Kxf4 g6 44. Rh4 Rf8+ 45. Ke3 Re8+ 46. Kd3 Rd8+
47. Kc4 Rd7 48. c6 Rc7 49. Kd5 Nf7 50. g5 h5 51. Bc5 Nxg5 52. Bb6 Re7 53. c7
Re8 1-0

[Event "2024 Norbert Muller Cup (Division D)"]
[Site "Woodvale, Perth WA AUS"]
[Date "2024.11.27"]
[Round "7"]
[White "Young, Manfred"]
[Black "Powell, Darren"]
[Result "1-0"]
[ECO "D00"]
[WhiteElo "1167"]
[BlackElo "1246"]
[PlyCount "71"]
[EventDate "2024.10.09"]
[EventType "swiss"]
[EventRounds "7"]
[EventCountry "AUS"]
[TimeControl "3600+30"]

1. d4 Nf6 2. Nc3 d5 3. h3 h6 4. Nf3 e6 5. Bf4 Bb4 6. a3 Bxc3+ 7. bxc3 Ne4 8.
Qd3 c6 9. Nd2 Qf6 10. e3 O-O 11. Nxe4 dxe4 12. Qxe4 c5 13. Bd3 Qf5 14. Qf3 Qd5
15. Qg3 Kh8 16. Be5 Rg8 17. Bxb8 Rxb8 18. Qxb8 c4 19. e4 Qa5 20. O-O cxd3 21.
cxd3 a6 22. Rfc1 Qg5 23. Qc7 Qg6 24. Rd1 e5 25. Kh2 exd4 26. cxd4 Qf6 27. d5
Re8 28. Rac1 Qe5+ 29. Qxe5 Rxe5 30. Rxc8+ Kh7 31. Rc7 f5 32. Re1 fxe4 33. dxe4
b5 34. Rc6 a5 35. Re6 Rg5 36. f4 1-0

[Event "2024 Norbert Muller Cup (Division D)"]
[Site "Woodvale, Perth WA AUS"]
[Date "2024.11.27"]
[Round "7"]
[White "Melbin, Sam"]
[Black "Rennie, Mike"]
[Result "1-0"]
[ECO "C50"]
[WhiteElo "1058"]
[BlackElo "921"]
[PlyCount "95"]
[EventDate "2024.10.09"]
[EventType "swiss"]
[EventRounds "7"]
[EventCountry "AUS"]
[TimeControl "3600+30"]

1. e4 e5 2. Nf3 Nc6 3. Bc4 Qe7 4. d3 d6 5. Nc3 Be6 6. Bb3 Nf6 7. Nd5 Qd7 8.
Nxf6+ gxf6 9. Be3 h5 10. Qd2 Bg7 11. c4 a5 12. Ba4 Ke7 13. Nh4 Qc8 14. Bxc6
bxc6 15. b3 c5 16. f4 Bh6 17. f5 Bxe3 18. Qxe3 Bd7 19. a4 Qb7 20. Rb1 Qb4+ 21.
Qd2 Rab8 22. Qxb4 Rxb4 23. O-O Rg8 24. h3 Rg3 25. Rfd1 c6 26. Kf2 Rg8 27. Rd2
Rgb8 28. Rdb2 Bc8 29. Kf3 Kf8 30. g4 Kg7 31. gxh5 Kh6 32. Kg4 Ba6 33. Kf3 Rg8
34. Rg2 Rxg2 35. Nxg2 Kxh5 36. Ne3 Kh4 37. Kg2 Rb8 38. Ng4 Rg8 39. Kh2 Rg5 40.
Rg1 Bc8 41. Rg2 Bb7 42. Nxf6 Rxg2+ 43. Kxg2 d5 44. Nd7 dxe4 45. dxe4 f6 46.
Nxf6 Kg5 47. Nd7 Kf4 48. f6 1-0

[Event "2024 Norbert Muller Cup (Division D)"]
[Site "Woodvale, Perth WA AUS"]
[Date "2024.11.27"]
[Round "7"]
[White "Markou, Victor"]
[Black "Lanham, Bruce"]
[Result "0-1"]
[ECO "B28"]
[WhiteElo "1051"]
[BlackElo "1265"]
[PlyCount "68"]
[EventDate "2024.10.09"]
[EventType "swiss"]
[EventRounds "7"]
[EventCountry "AUS"]
[TimeControl "3600+30"]

1. e4 c5 2. Nf3 a6 3. g3 Nc6 4. Bg2 e6 5. O-O b5 6. Re1 Nf6 7. d3 Be7 8. Be3
O-O 9. d4 cxd4 10. Nxd4 Nxd4 11. Bxd4 Qc7 12. e5 Nd5 13. Bxd5 exd5 14. Nc3 Bb7
15. Qf3 Bc5 16. Bxc5 Qxc5 17. Qe2 Qc6 18. Rad1 d4 19. Ne4 f5 20. f3 fxe4 21.
Qxe4 Qxe4 22. fxe4 Rfe8 23. Rxd4 Bc6 24. c4 bxc4 25. Rxc4 Rxe5 26. b3 Rc8 27.
a4 d5 28. Rc3 Rxe4 29. Rxe4 dxe4 30. Re3 Kf7 31. Rc3 Bb7 32. Re3 Ke6 33. b4 Rc4
34. Rb3 Bd5 {Scoresheet not clear} 0-1